 Dungeon Crawl Stone Soup version bcrawl-1.40.3b (webtiles) character file.

Game seed: 10478748160402819276

275515 Amelense the Basher (level 7, -5/78 HPs)
             Began as an Ent Monk on Feb 6, 2024.
             Killed by divine providence
             ... invoked by an orc priest
              (10 damage)
             ... on level 4 of the Dungeon.
             The game lasted 00:17:23 (3112 turns).

Amelense the Basher (Ent Monk)                      Turns: 3112, Time: 00:17:24

Health: -5/78      AC: 15    Str: 24 (25) XL:     7   Next: 58%
Magic:  0/8        EV: 10    Int: 15 (16) God:
Gold:   228        SH:  0    Dex:  9 (12) Spells: 6/6 levels left

rFire    + . .     GDR:     30% t - +0 flail
rCold    + . .     SeeInvis .   (no shield)
rNeg     + + +     Gourm    .   (armour unavailable)
rPois    +         Faith    .   b - +0 hat
rElec    +         Spirit   +   v - +0 cloak
rCorr    +         Reflect  .   (gloves unavailable)
MR       .....                  (boots unavailable)
Stlth    ++........             c - amulet of guardian spirit
HPRegen  0.23/turn              (no ring)
MPRegen  0.11/turn              (no ring)

@: mighty, brilliant, resistant, very slightly contaminated, very slow
A: large, slow actions, passwall, strong branches, negative energy resistance 3,
poison resistance, slow metabolism 1, torment resistance, unbreathing, AC +14
a: Passwall


You were on level 4 of the Dungeon.
You were full.

You visited 1 branch of the dungeon, and saw 4 of its levels.

You collected 303 gold pieces.
You spent 75 gold pieces at shops.

Inventory:

Hand Weapons
 a - a +0 mace
 n - a +0 short sword of flaming
 p - a +1 dagger of draining
 t - a +0 flail (weapon)
Missiles
 m - 153 javelins (quivered)
 u - 98 poisoned tomahawks
Armour
 b - a +0 hat (worn)
 v - a +0 cloak (worn)
Jewellery
 c - an amulet of guardian spirit (around neck)
Scrolls
 d - 4 scrolls of remove curse
 g - 2 scrolls of enchant weapon
 i - 5 scrolls of identify
Potions
 r - 2 potions of curing
Comestibles
 e - 5 rations {!d}


   Skills:
 * Level 5.2 Fighting
 * Level 8.5 Maces & Flails
 + Level 0.1 Throwing
 + Level 4.1 Dodging
 + Level 3.7 Stealth
   Level 2.4 Invocations


You had 6 spell levels left.
You didn't know any spells.
Your spell library was empty.

Dungeon Overview and Level Annotations

Branches:
Dungeon (4/12)
 Temple: D:4-7

Altars:
Sif Muna
Trog
Zin


Innate Abilities, Weirdness & Mutations

You move and act slowly.
You can pass through walls and trees.
Your branches can wield two-handed weapons with a shield.
Your thick bark is tough. (AC +14)
You are too large for most types of armour.
You are immune to negative energy. (rN+++)
Your system is resistant to poisons. (rPois)
You have a slow metabolism.
You are immune to unholy pain and torment.
You can survive without breathing.


Message History

As you read the scroll labeled XOTOKU NECKOQE, it crumbles to dust.
It is a scroll of amnesia.
You feel forgetful for a moment. The howler monkey hits you.
* * * LOW HITPOINT WARNING * * *
You barely miss the howler monkey.
The howler monkey hits you but does no damage.
You barely miss the howler monkey.
You feel yourself slow down. The howler monkey misses you.
You sock the howler monkey!
The howler monkey is almost dead.
The howler monkey hits you but does no damage. x2
You sock the howler monkey!
You kill the howler monkey!
The orc priest hits you but does no damage.
Okay, then.
You barely miss the orc priest.
The orc priest invokes the aid of Beogh against you.
Beogh smites you!
You die...

#........h.....#####
#.........####.....#
#.........#...§###.#
#.........#.##.###.#
#..(......#.#...##.#
#..........§.._.....
#§§.§§...#.##...#.#.
#§§§§§§..#.###o##.#.
#.§@o§§..#.###....#.
#.§§§§§..#.....####.
#...§.§..#####.g.o..
##########..........
#.....[....
###.....### #####.#
#.# #.#


You could see an orc priest.

Vanquished Creatures
  6 kobold brigands (D:3)
  A howler monkey (D:4)
  A hound (D:4)
  3 orc wizards
  A bullfrog skeleton (D:4)
  2 worker ants (D:4)
  4 gnolls
  An ooze (D:1)
  4 worms
  3 dart slugs
  2 leopard geckos
  7 orcs
  4 giant cockroaches
  6 goblins
  9 hobgoblins
  41 kobolds
  2 quokkas (D:2)
  A ball python (D:1)
  11 bats
  5 frilled lizards
  2 rats
116 creatures vanquished.

Notes
Turn   | Place    | Note
-------+----------+-------------------------------------------
     0 | D:1      | Amelense the Ent Monk began the quest for the Orb.
     0 | D:1      | Reached XP level 1. HP: 25/25 MP: 2/2
    58 | D:1      | Reached XP level 2. HP: 33/33 MP: 3/3
   125 | D:1      | Reached skill level 4 in Maces & Flails
   504 | D:1      | Reached XP level 3. HP: 42/42 MP: 4/4
  1120 | D:2      | Found Zin's Purification Station.
  1124 | D:2      | Found a glowing silver altar of Zin.
  1148 | D:2      | Bought a potion of curing for 75 gold pieces
  1561 | D:3      | Reached XP level 4. HP: 49/51 MP: 3/5
  1784 | D:3      | Reached skill level 5 in Maces & Flails
  1921 | D:3      | Noticed a kobold brigand
  1952 | D:3      | Killed a kobold brigand
  1953 | D:3      | Reached XP level 5. HP: 53/58 MP: 4/6
  2065 | D:3      | Reached skill level 6 in Maces & Flails
  2080 | D:3      | Reached XP level 6. HP: 64/68 MP: 7/7
  2130 | D:3      | Reached skill level 7 in Maces & Flails
  2274 | D:3      | Reached XP level 7. HP: 38/77 MP: 8/8
  2816 | D:4      | Reached skill level 5 in Fighting
  2826 | D:4      | Reached skill level 8 in Maces & Flails
  2913 | D:4      | Found a shimmering blue altar of Sif Muna.
  3080 | D:4      | Found a bloodstained altar of Trog.
  3099 | D:4      | HP: 3/78 [orc priest/divine providence (10)]
  3112 | D:4      | Killed from afar by an orc priest

Skill      XL: |  1  2  3  4  5  6  7 |
---------------+----------------------+-----
Maces & Flails | 4 5 6 7 8 |  8.5
Dodging        | 3 4 |  4.1
Fighting       | 4 5 |  5.2
Stealth        | 3 |  3.7
Throwing       | |  0.1
Invocations    | |  2.4

Action                   |  1- 3 |  4- 6 |  7- 9 || total
-------------------------+-------+-------+-------++-------
Melee: Mace              |   158 |    26 |       ||   184
       Flail             |       |   119 |    88 ||   207
Throw: Javelin           |       |     1 |     4 ||     5
 Abil: Passwall          |     1 |     1 |       ||     2
  Use: Scroll            |       |       |     8 ||     8
       Potion            |       |       |     6 ||     6
 Stab: Sleeping          |     4 |     2 |       ||     6
  Eat: Chunk             |     7 |     2 |     3 ||    12
       Ration            |       |     1 |     2 ||     3
Armor: Skin              |   168 |   136 |   111 ||   415
Dodge: Dodged            |   151 |   159 |   111 ||   421
